 Dungeon Crawl Stone Soup version 0.26-a0-708-g17f3b190f9 (webtiles) character file.

Game seed: 1272668527796837982

15710 lunkers the Cleaver (level 12, -3/116 HPs)
             Began as a Deep Dwarf Fighter on Oct 28, 2020.
             Was an Elder of Makhleb.
             Slain by a red ugly thing (10 damage)
             ... on level 12 of the Dungeon.
             The game lasted 00:25:17 (9288 turns).

lunkers the Cleaver (Deep Dwarf Fighter)            Turns: 9288, Time: 00:25:18

Health: -3/116     AC: 20    Str: 21    XL:     12   Next: 3%
Magic:  10/10      EV:  7    Int: 12    God:    Makhleb [****..]
Gold:   527        SH: 10    Dex: 16    Spells: 11/11 levels left

rFire    . . .     SeeInvis .   a - +1 war axe
rCold    . . .     Faith    .   c - +0 kite shield
rNeg     + . .     Spirit   .   I - +0 plate armour
rPois    .         Reflect  .   j - +1 helmet
rElec    .         Harm     .   (no cloak)
rCorr    .         Rampage  .   p - +0 pair of gloves
MR       +++..                  b - +2 pair of boots
Stlth    ..........             E - amulet of the acrobat
HPRegen  0.00/turn              m - ring of positive energy
MPRegen  0.12/turn              l - ring of the Mage {Wiz MR++ Int+3}

@: non-regenerating
A: damage resistance, heal wounds, sense surroundings 2, no regeneration
a: Heal Wounds, Minor Destruction, Lesser Servant of Makhleb, Major Destruction,
Renounce Religion


You were on level 12 of the Dungeon.
You worshipped Makhleb.
Makhleb was greatly pleased with you.
You visited 2 branches of the dungeon, and saw 13 of its levels.
You also visited: Ossuary.

You collected 632 gold pieces.
You spent 105 gold pieces at shops.

Inventory:

Hand Weapons
 a - a +1 war axe (weapon)
Armour
 b - a +2 pair of boots (worn)
 c - a +0 kite shield (worn)
 j - a +1 helmet (worn)
 p - a +0 pair of gloves (worn)
 D - +0 acid dragon scales
 I - a +0 plate armour (worn)
Jewellery
 l - the ring of the Mage (right hand) {Wiz MR++ Int+3}
   (You found it on level 10 of the Dungeon)

   [ring of wizardry]

   It improves your spell success rate.
   It affects your intelligence (+3).
   It affects your resistance to hostile enchantments.
 m - a ring of positive energy (left hand)
 r - an uncursed ring of flight
 E - an amulet of the acrobat (around neck)
Wands
 h - a wand of enslavement (1)
 F - a wand of iceblast (8)
 G - a wand of digging (7)
 H - a wand of acid (9)
Scrolls
 e - a scroll of enchant weapon
 f - 9 scrolls of remove curse
 g - 7 scrolls of teleportation
 u - 2 scrolls of magic mapping
 w - a scroll of fear
 y - a scroll of blinking
 B - a scroll of fog
 C - 6 scrolls of identify
Potions
 d - 5 potions of might
 i - 4 potions of curing
 k - 2 potions of invisibility
 n - 3 potions of lignification
 o - a potion of magic
 q - 3 potions of heal wounds
 s - 6 potions of flight
 t - a potion of cancellation
 v - a potion of resistance
 x - 2 potions of ambrosia
 z - 2 potions of brilliance
 A - 2 potions of mutation


   Skills:
 + Level 9.7 Fighting
 - Level 14.0 Axes
 + Level 8.1 Armour
 - Level 5.0 Dodging
 - Level 4.0 Shields
 + Level 8.6 Invocations


You had 11 spell levels left.
You didn't know any spells.
Your spell library contained the following spells:

 Spells                   Type           Power        Failure   Level
 Beastly Appendage        Tmut           #.....       100%        1
 Corona                   Hex            #......      100%        1
 Foxfire                  Conj/Fire      #...         100%        1
 Ensorcelled Hibernation  Hex/Ice        #.....       100%        2
 Wereblood                Tmut           #.......     100%        2
 Confusing Touch          Hex            #.......     100%        3
 Conjure Flame            Conj/Fire      #.......     100%        3
 Dazzling Flash           Conj/Hex       #.....       100%        3
 Inner Flame              Hex/Fire       #.......     100%        3
 Spider Form              Tmut/Pois      #.........   100%        3
 Tukima's Dance           Hex            #.......     100%        3
 Ice Form                 Ice/Tmut       #.......     100%        4
 Sticky Flame             Conj/Fire      #.......     100%        4
 Blade Hands              Tmut           #.........   100%        5
 Fireball                 Conj/Fire      #.........   100%        5


Dungeon Overview and Level Annotations

Branches:
Dungeon (12/15)            Temple (1/1) D:7            Lair (0/6) D:11
    Orc (0/2) D:12        Ossuary (visited)

Altars:
Ashenzari
Cheibriados
Dithmenos
Elyvilon
Fedhas
Gozag
Hepliaklqana
Kikubaaqudgha
Makhleb
Nemelex Xobeh
Okawaru
Qazlal
Ru
Sif Muna
Trog
Uskayaw
Wu Jian
Xom
Yredelemnul
Zin
The Shining One
Beogh

Shops:
D:4 *   D:8 *

Annotations:
D:10 4 runed translucent doors


Innate Abilities, Weirdness & Mutations

You are resistant to damage.
You can heal yourself by infusing magical energy.
You passively map the area around you.
You do not regenerate.


Message History

Unknown command.
Unknown command.
You fail to use your ability.
You block the troll's attack. The troll barely misses you.
You block the troll's attack.
The deep elf mage hits you but does no damage.
You block the red ugly thing's attack.
Unknown command.
Unknown command.
Unknown command.
You hit the deep elf mage.
The deep elf mage is severely wounded.
You slash the red ugly thing! You barely miss the ice beast. You hit the troll.
The troll bites you but does no damage.
The troll claws you but does no damage. x2
The ice beast hits you. The ice beast freezes you!
* * * LOW HITPOINT WARNING * * *
The deep elf mage hits you but does no damage.
The red ugly thing bites you.
* * * LOW HITPOINT WARNING * * *
You are engulfed in flames!
You die...

, * #..#####...# ,
, , * #..........#
, , * #..........#
,,,* , #....(.....#
, ,* #...=......#
,,, * *
#$.........# * * ,
* #..........# *
,,.#####..Y..[....#
, ,
..[....@T.......# ,
*
,...>...ue.......#
* #####....$.......
,, * #............
,,* ,, ,
#...........* ** *
, #$.......... * ,
#........... *, , ,
* #.......... *, *
* * * , , ,


You could see a red ugly thing, a deep elf mage, a troll and an ice beast.

Vanquished Creatures
  3 two-headed ogres
  A tengu warrior (D:10)
  An unseen horror (D:11)
  Pikel (D:9)
  3 ugly things
  A cyclops (D:11)
  Psyche (D:9)
  A centaur skeleton (D:10)
  Maggie (D:7)
  2 trolls
  A vampire (D:10)
  A basilisk (D:11)
  7 yaks (D:11)
  5 wyverns
  Grum (D:8)
  3 water moccasins (D:11)
  2 ice beasts
  3 phantoms
  Duvessa (D:7)
  2 orc warriors
  3 black bears
  2 sky beasts
  A necrophage (D:8)
  2 wolves (D:7)
  6 ogres
  11 centaurs
  2 lemures (D:9)
  3 big kobolds
  8 bullfrogs
  4 water moccasin zombies (Ossuary)
  Dowan (D:7)
  9 scorpions
  16 killer bees
  11 wights
  A howler monkey (D:6)
  2 centaur zombies
  8 hounds
  A bullfrog zombie (D:7)
  A bullfrog skeleton (D:9)
  8 orc priests
  12 orc wizards
  Natasha (twice) (D:3)
  2 iguanas
  6 worker ants
  3 big kobold zombies (Ossuary)
  2 hound zombies (D:6)
  2 hound skeletons
  3 mummies
  A worker ant zombie (D:11)
  14 adders
  10 gnolls
  A howler monkey skeleton (D:4)
  3 white imps
  An ooze (D:3)
  2 ufetubi
  3 worms
  2 adder skeletons
  6 adder zombies
  2 dart slugs (D:3)
  6 leopard geckos
  30 orcs
  4 giant cockroaches
  A gnoll zombie (Ossuary)
  13 goblins
  7 hobgoblins
  7 jackals
  3 quokkas
  7 bats
  10 frilled lizards
  A goblin zombie (D:5)
  5 hobgoblin zombies (Ossuary)
  13 kobolds
  9 kobold zombies
  A leopard gecko skeleton (D:6)
  4 orc zombies (Ossuary)
  A quokka skeleton (D:4)
  A quokka zombie (D:6)
  15 rats
356 creatures vanquished.

Vanquished Creatures (collateral kills)
  6 wights (D:8)
6 creatures vanquished.

Vanquished Creatures (others)
  Natasha (D:3)
  A fungus (D:11)
  12 plants (D:11)
14 creatures vanquished.

Grand Total: 376 creatures vanquished

Notes
Turn   | Place    | Note
-------+----------+-------------------------------------------
     0 | D:1      | lunkers the Deep Dwarf Fighter began the quest for the Orb.
     0 | D:1      | Reached XP level 1. HP: 20/20 MP: 1/1
   218 | D:1      | Reached XP level 2. HP: 27/27 MP: 2/2
   795 | D:2      | Reached skill level 3 in Axes
   826 | D:2      | Reached XP level 3. HP: 28/34 MP: 3/3
   883 | D:2      | Noticed a scorpion
   901 | D:2      | Killed a scorpion
   901 | D:2      | Reached XP level 4. HP: 13/42 MP: 4/4
   919 | D:2      | Reached skill level 4 in Axes
  1637 | D:2      | Reached XP level 5. HP: 39/49 MP: 5/5
  1879 | D:3      | Noticed Natasha
  1890 | D:3      | Killed Natasha
  1899 | D:3      | Noticed Natasha
  1918 | D:3      | Killed Natasha
  1918 | D:3      | Reached skill level 5 in Axes
  1973 | D:3      | Found an iron altar of Okawaru.
  2143 | D:3      | Found a hazy altar of Hepliaklqana.
  2143 | D:3      | Noticed Natasha
  2155 | D:3      | Killed Natasha
  2155 | D:3      | Reached XP level 6. HP: 33/57 MP: 6/6
  2343 | D:4      | Reached skill level 6 in Axes
  2392 | D:4      | Found Zerobb's General Store.
  2465 | D:4      | Reached XP level 7. HP: 40/66 MP: 7/7
  2532 | D:4      | Reached skill level 1 in Dodging
  2596 | D:4      | HP: 1/66 [orc priest/divine providence (8)]
  2605 | D:4      | Reached skill level 7 in Axes
  2742 | D:5      | Entered Level 5 of the Dungeon
  2906 | D:5      | Reached skill level 5 in Fighting
  2933 | D:5      | Found a sand-covered staircase.
  2944 | Ossuary  | Entered an ossuary
  3004 | Ossuary  | Reached skill level 8 in Axes
  3004 | Ossuary  | Reached XP level 8. HP: 35/74 MP: 8/8
  3588 | D:6      | Reached skill level 9 in Axes
  4280 | D:7      | Gained mutation: You passively map the area around you.
                  | [Deep Dwarf growth]
  4280 | D:7      | Reached XP level 9. HP: 64/82 MP: 7/7
  4428 | D:7      | Reached skill level 10 in Axes
  4428 | D:7      | Reached skill level 5 in Dodging
  4549 | D:7      | Noticed Maggie
  4570 | D:7      | Killed Maggie
  4767 | D:7      | Noticed Duvessa
  4767 | D:7      | Noticed Dowan
  4774 | D:7      | Killed Duvessa
  4779 | D:7      | Killed Dowan
  4905 | D:7      | Found a staircase to the Ecumenical Temple.
  5056 | D:7      | Found a shadowy altar of Dithmenos.
  5076 | D:7      | Reached skill level 11 in Axes
  5126 | Temple   | Entered the Ecumenical Temple
  5299 | Temple   | Became a worshipper of Makhleb the Destroyer
  5778 | D:8      | Found a hide-covered altar of Uskayaw.
  5778 | D:8      | Found a sparkling altar of Nemelex Xobeh.
  5850 | D:8      | Found Keuxtar's General Store.
  5858 | D:8      | Bought a scroll of blinking for 75 gold pieces
  5858 | D:8      | Bought a scroll of teleportation for 30 gold pieces
  6064 | D:8      | Reached skill level 1 in Invocations
  6067 | D:8      | Noticed a two-headed ogre
  6082 | D:8      | Reached XP level 10. HP: 61/94 MP: 6/6
  6087 | D:8      | Reached * piety under Makhleb
  6098 | D:8      | Killed a two-headed ogre
  6171 | D:8      | Noticed Grum
  6179 | D:7      | Reached skill level 12 in Axes
  6223 | D:8      | Killed Grum
  6823 | D:9      | Noticed Psyche
  6836 | D:9      | Killed Psyche
  6902 | D:9      | Noticed Pikel
  6930 | D:9      | Killed Pikel
  6930 | D:9      | Reached skill level 5 in Armour
  7126 | D:9      | Found a roughly hewn altar of Beogh.
  7134 | D:9      | Reached ** piety under Makhleb
  7326 | D:10     | Entered Level 10 of the Dungeon
  7334 | D:10     | Noticed a two-headed ogre
  7351 | D:10     | Killed a two-headed ogre
  7351 | D:10     | Reached skill level 13 in Axes
  7351 | D:10     | Reached skill level 5 in Invocations
  7504 | D:10     | Reached XP level 11. HP: 72/104 MP: 9/9
  7709 | D:10     | Found a large runed translucent door.
  7709 | D:10     | Found a large runed translucent door.
  7713 | D:10     | Noticed a red ugly thing
  7713 | D:10     | Noticed a two-headed ogre
  7738 | D:10     | Noticed a tengu warrior
  7752 | D:10     | Killed a tengu warrior
  7819 | D:10     | Noticed a two-headed ogre
  7831 | D:10     | Killed a two-headed ogre
  7934 | D:10     | Found a large runed translucent door.
  7934 | D:10     | Found a large runed translucent door.
  7989 | D:10     | Noticed a cyan ugly thing
  8001 | D:10     | Killed a cyan ugly thing
  8004 | D:10     | Reached *** piety under Makhleb
  8006 | D:10     | Found the ring of the Mage {Wiz MR++ Int+3}
  8457 | D:11     | HP: 5/106 [poisoned by a killer bee]
  8543 | D:11     | Found a staircase to the Lair.
  8581 | D:11     | Reached skill level 14 in Axes
  8703 | D:11     | Noticed a red ugly thing
  8729 | D:11     | Killed a red ugly thing
  8865 | D:11     | Noticed a cyan ugly thing
  8877 | D:11     | Killed an unseen horror
  8884 | D:11     | Killed a cyan ugly thing
  8884 | D:11     | Reached XP level 12. HP: 11/116 MP: 10/10
  9273 | D:12     | Reached **** piety under Makhleb
  9288 | D:12     | Slain by a red ugly thing

Illustrated notes

Levels and vault maps discovered:
D:1:      dpeg_arrival_ratfight, layout_loops_ring, minmay_misc_feat_encased
D:2:      mumra_celtic_spiral_tile, layout_basic
D:3:      layout_rooms, lemuel_doored_altar, nicolae_overflow_crystal_walls,
          uniq_natasha
D:4:      layout_basic, serial_shops, shop
D:5:      layout_rooms, nicolae_overflow_hidden_temple,
          nicolae_ossuary_entry_giza, minmay_ogre_servants
D:6:      layout_loops_corners, kennysheep_generic_room_7
D:7:      layout_loops_corners, grunt_dithmenos_shadows,
          minmay_temple_entry_statues_pillars, uniq_maggie, uniq_duvessa
D:8:      layout_gridville, gammafunk_temple_overflow_elements, serial_shops,
          shop, grunt_tough_drop, uniq_grum
D:9:      layout_loops_cross, david_defended_altar_orc, uniq_pikel, uniq_psyche
D:10:     layout_loops_ring, minmay_hollow_rounded_squares
D:11:     layout_basic, minmay_lair_entry_grove
D:12:     layout_long_grid, orc_david_3, uniq_sonja
Temple:   eino_temple_scatter_basement

Skill      XL: |  1  2  3  4  5  6  7  8  9 10 11 |
---------------+----------------------------------+-----
Fighting       | 3 4 5 6 7 8 9 |  9.7
Axes           | 3 4 5 6 8 9 11 13 14 | 14.0
Shields        | 4 |  4.0
Dodging        | 2 4 5 |  5.0
Invocations    | 1 5 8 |  8.6
Armour         | 5 8 |  8.1

Action                   |  1- 3 |  4- 6 |  7- 9 | 10-12 || total
-------------------------+-------+-------+-------+-------++-------
Melee: War axe           |   108 |   212 |   598 |   617 ||  1535
 Abil: Heal Wounds       |       |     4 |    22 |    15 ||    41
Evoke: Wand              |       |       |     1 |     5 ||     6
  Use: Scroll            |       |     4 |     6 |     9 ||    19
 Stab: Paralysed         |       |       |       |     5 ||     5
       Distracted        |       |       |       |     1 ||     1
Armor: Scale mail        |    41 |       |       |       ||    41
       Chain mail        |    16 |   121 |   164 |       ||   301
       Acid dragon scale |       |       |    47 |    43 ||    90
       Plate armour      |       |       |       |   285 ||   285
Dodge: Dodged            |    26 |    46 |   167 |   221 ||   460
Block: Kite shield       |    62 |   106 |   263 |   286 ||   717

Table legend: (Time is in decaauts)
 A = Elapsed time spent in this place.
 B = Non-inter-level travel time spent in this place.
 C = Inter-level travel time spent in this place.
 D = Time resting spent in this place.
 E = Time spent auto-exploring this place.
 F = Levels seen in this place.
 G = Mean time per level.
                   A        B        C        D        E       F      G
               +--------+--------+--------+--------+--------+-----+--------+
         Total |   9417 |   8968 |    449 |      0 |   6027 |  14 |  672.6 |
       Dungeon |   9001 |   8594 |    407 |      0 |   5878 |  12 |  750.1 |
        Temple |    191 |    149 |     42 |      0 |    148 |   1 |  191.0 |
       Ossuary |    224 |    224 |      0 |      0 |      1 |   1 |  224.0 |
               +--------+--------+--------+--------+--------+-----+--------+

Top non-repeatable levels by time:
     D:2: 1184 daAuts
     D:8: 1114 daAuts
    D:11: 978 daAuts
     D:7: 966 daAuts
    D:10: 887 daAuts
     D:6: 882 daAuts
     D:9: 751 daAuts
     D:1: 730 daAuts
     D:3: 522 daAuts
     D:5: 503 daAuts
     D:4: 429 daAuts
 Ossuary: 224 daAuts
  Temple: 191 daAuts
    D:12: 50 daAuts
